 Dungeon Crawl Stone Soup version 0.26.0-7-g794d0892b4 (webtiles) character file.

Game seed: 245222971878478247

258 jackrogers the Cudgeller (level 6, -1/93 HPs)
             Began as an Ogre Berserker on Jan 12, 2021.
             Was a Priest of Trog.
             Slain by an orc
             ... wielding a +0 club
              (4 damage)
             ... on level 4 of the Dungeon.
             The game lasted 00:03:35 (3578 turns).

jackrogers the Cudgeller (Ogre Berserker)           Turns: 3578, Time: 00:03:36

Health: -1/93      AC:  3    Str: 24    XL:     6   Next: 16%
Magic:  6/6        EV: 10    Int:  8    God:    Trog [***...]
Gold:   168        SH:  0    Dex:  8    Spells: 5/5 levels left

rFire    . . .     SeeInvis .   f - +2 spear (venom)
rCold    . . .     Faith    .   (no shield)
rNeg     . . .     Spirit   .   b - +0 animal skin
rPois    .         Reflect  .   (helmet restricted)
rElec    .         Harm     .   (no cloak)
rCorr    .         Rampage  .   (gloves unavailable)
Will     .....                  (boots unavailable)
Stlth    ..........             l - amulet of the acrobat
HPRegen  0.25/turn              (no ring)
MPRegen  0.10/turn              (no ring)

@: berserking (expiring), very quick
A: large, unfitting armour, tough skin 1
a: Renounce Religion, Berserk, Trog's Hand


You were on level 4 of the Dungeon.
You worshipped Trog.
Trog was most pleased with you.
You visited 1 branch of the dungeon, and saw 4 of its levels.

You collected 168 gold pieces.

Inventory:

Hand Weapons
 a - a +1 mace
 f - a +2 spear of venom (weapon)
   (You found it on level 4 of the Dungeon)
Armour
 b - a +0 animal skin (worn)
Jewellery
 l - an amulet of the acrobat (around neck)
   (You found it on level 4 of the Dungeon)
Scrolls
 c - a scroll of remove curse
 g - 2 scrolls of fog
 k - a scroll of fear {unknown}
Potions
 d - 3 potions of attraction {!q}
 e - 3 potions of curing
 h - a potion of brilliance {unknown}
 i - a potion of heal wounds {unknown}
 j - a potion of degeneration {!q}
 m - a potion of flight {unknown}


   Skills:
 - Level 4.0 Fighting
 + Level 6.1 Maces & Flails
 - Level 2.6 Dodging


You had 5 spell levels left.
You didn't know any spells.
Your spell library was empty.

Dungeon Overview and Level Annotations

Branches:
Dungeon (4/15)
 Temple: D:4-7

Altars:
Sif Muna
Uskayaw


Innate Abilities, Weirdness & Mutations

You are too large for most types of armour.
You have tough skin. (AC +1)


Message History

Warning x2: The orc wizard (fast) might cast Slow, Confuse, Throw Flame, Throw Frost, or go Invisible!
The orc priest can smite you! The orc misses you.
The orc zaps a wand.
Your will is overpowered!
You are more confused.
Spoiler Alert: The orc wizard (fast) might cast Slow, Confuse, Throw Flame, Throw Frost, or go Invisible!
You bump into the rock wall.
The orc hits you with a +0 club.
The orc wizard hits you with a +0 dagger.
The orc hits you with a +0 club.
Warning x2: The orc wizard (fast) might cast Slow, Confuse, Throw Flame, Throw Frost, or go Invisible!
The orc priest can smite you!
You barely miss the orc wizard. The orc wizard misses you.
The orc hits you with a +0 club. The orc hits you with a +0 short sword.
The orc hits you with a +0 club!
The orc wizard hits you but does no damage.
Warning x2: The orc wizard (fast) might cast Slow, Confuse, Throw Flame, Throw Frost, or go Invisible!
The orc priest can smite you!
Unknown command.
Warning x2: The orc wizard (fast) might cast Slow, Confuse, Throw Flame, Throw Frost, or go Invisible!
The orc priest can smite you!
The orc wizard points at you and mumbles some strange words.
The magic dart hits you.
The orc priest mumbles some strange prayers to Beogh against you.
Beogh smites you!
Warning x2: The orc wizard (fast) might cast Slow, Confuse, Throw Flame, Throw Frost, or go Invisible!
The orc priest can smite you!
Unknown command.
Warning x2: The orc wizard (fast) might cast Slow, Confuse, Throw Flame, Throw Frost, or go Invisible!
The orc priest can smite you!
You are too confused!
Warning x2: The orc wizard (fast) might cast Slow, Confuse, Throw Flame, Throw Frost, or go Invisible!
The orc priest can smite you!
You bump into the rock wall.
The orc wizard hits you with a +0 dagger.
The orc hits you with a +0 club.
The orc wizard hits you with a +0 dagger.
* * * LOW HITPOINT WARNING * * *
Spoiler Alert: The orc wizard (fast) might cast Slow, Confuse, Throw Flame, Throw Frost, or go Invisible!
Unknown command.
Spoiler Alert: The orc wizard (fast) might cast Slow, Confuse, Throw Flame, Throw Frost, or go Invisible!
You feel better. The orc wizard barely misses you.
The orc hits you with a +0 short sword. The orc hits you with a +0 club.
* * * LOW HITPOINT WARNING * * *
The orc closely misses you.
Warning x2: The orc wizard (fast) might cast Slow, Confuse, Throw Flame, Throw Frost, or go Invisible!
The orc priest can smite you!
A red film seems to cover your vision as you go berserk!
You feel yourself moving faster!
You feel mighty!
The orc wizard hits you but does no damage.
The orc hits you with a +0 short sword.
* * * LOW HITPOINT WARNING * * *
The orc barely misses you.
The orc wizard hits you with a +0 dagger.
* * * LOW HITPOINT WARNING * * *
The orc zaps a wand.
You resist with some effort.
Warning x2: The orc wizard (fast) might cast Slow, Confuse, Throw Flame, Throw Frost, or go Invisible!
The orc priest can smite you!
You closely miss the orc wizard. The orc wizard closely misses you.
The orc hits you with a +0 short sword.
* * * LOW HITPOINT WARNING * * *
Warning x2: The orc wizard (fast) might cast Slow, Confuse, Throw Flame, Throw Frost, or go Invisible!
The orc priest can smite you!
You puncture the orc wizard!
The orc wizard is poisoned.
The orc hits you with a +0 club.
* * * LOW HITPOINT WARNING * * *
The orc wizard points at you and mumbles some strange words.
The puff of frost misses you.
Warning x2: The orc wizard (fast, very poisoned) might cast Slow, Confuse, Throw Flame, Throw Frost, or go Invisible!
The orc priest can smite you!
Unknown command.
Warning x2: The orc wizard (fast, very poisoned) might cast Slow, Confuse, Throw Flame, Throw Frost, or go Invisible!
The orc priest can smite you!
You closely miss the orc wizard. The orc wizard casts a spell at you.
The puff of frost hits you.
* * * LOW HITPOINT WARNING * * *
The orc misses you. The orc hits you but does no damage.
The orc closely misses you.
Warning x2: The orc wizard (fast, very poisoned) might cast Slow, Confuse, Throw Flame, Throw Frost, or go Invisible!
The orc priest can smite you!
You puncture the orc wizard!
You kill the orc wizard!
Trog accepts your kill.
Trog appreciates your killing of a magic user.
The orc hits you but does no damage. x2
Your Maces & Flails skill increases to level 6!
Spoiler Alert: The orc priest can smite you!
You hit the orc.
The orc is poisoned.
You kill the orc!
Trog accepts your kill. The orc hits you but does no damage.
The orc hits you with a +0 short sword.
* * * LOW HITPOINT WARNING * * *
You puncture the orc!
You kill the orc!
Trog accepts your kill.
The orc zaps a wand.
You resist with some effort.
Spoiler Alert: The orc priest can smite you!
You closely miss the orc. The orc hits you but does no damage.
The orc hits you with a +0 club.
* * * LOW HITPOINT WARNING * * *
The orc hits you with a +0 club.
* * * LOW HITPOINT WARNING * * *
You puncture the orc priest! The orc hits you with a +0 short sword!
* * * LOW HITPOINT WARNING * * *
The orc priest hits you with a +0 hand axe.
* * * LOW HITPOINT WARNING * * *
Spoiler Alert: The orc priest can smite you!
You closely miss the orc priest. The orc barely misses you.
The orc hits you with a +0 club.
You die...

..#####........ #...........
...#........... #...........
.......(... ..####...........
........#####.#.......##.....
..#.....#..##.##......#......
.....##....#..........#......
#.#..##....##(...............
###............ooo#..........
#.....#.......oo@##..........
....#.#....<...###.........##
.........#.......#....o......
.........#...................
......#.........###...##...#.
......#................ ...#
...#####......#..............
.### ........ .... ##


You could see an orc priest and 4 orcs.

Vanquished Creatures
  An orc wizard (D:4)
  Jessica (D:2)
  Natasha (thrice) (D:2)
  Terence (D:3)
  3 adders
  An ooze (D:1)
  A worm (D:3)
  2 dart slugs (D:1)
  A leopard gecko (D:1)
  4 orcs
  10 bats
  6 giant cockroaches
  8 goblins
  A hobgoblin (D:2)
  4 jackals
  2 quokkas
  7 frilled lizards
  5 kobolds
  3 rats
64 creatures vanquished.

Notes
Turn   | Place    | Note
-------+----------+-------------------------------------------
     0 | D:1      | jackrogers the Ogre Berserker began the quest for the Orb.
     0 | D:1      | Reached XP level 1. HP: 24/24 MP: 1/1
    92 | D:1      | Reached skill level 3 in Maces & Flails
   115 | D:1      | Reached XP level 2. HP: 32/32 MP: 2/2
   534 | D:1      | Reached XP level 3. HP: 38/39 MP: 3/3
   732 | D:1      | Reached skill level 4 in Maces & Flails
  1058 | D:2      | Noticed Jessica
  1077 | D:2      | Killed Jessica
  1078 | D:2      | Reached XP level 4. HP: 20/48 MP: 4/4
  1287 | D:2      | Reached ** piety under Trog
  1397 | D:2      | Noticed Natasha
  1404 | D:2      | Killed Natasha
  1497 | D:2      | Noticed Natasha
  1503 | D:2      | Killed Natasha
  1504 | D:2      | Reached skill level 5 in Maces & Flails
  1504 | D:2      | Reached XP level 5. HP: 54/54 MP: 5/5
  1883 | D:2      | Noticed Natasha
  1888 | D:2      | Killed Natasha
  2186 | D:3      | Found a hide-covered altar of Uskayaw.
  2187 | D:3      | Noticed a +0 dagger
  2187 | D:3      | Noticed a +0 hand axe
  2962 | D:3      | Noticed Terence
  2972 | D:3      | Killed Terence
  3230 | D:3      | Found a shimmering blue altar of Sif Muna.
  3467 | D:4      | Reached XP level 6. HP: 62/62 MP: 6/6
  3569 | D:4      | HP: 23/93 [orc wizard/+0 dagger (1)]
  3574 | D:4      | Reached skill level 6 in Maces & Flails
  3574 | D:4      | Reached *** piety under Trog
  3574 | D:4      | HP: 15/93 [orc/+0 short sword (3)]
  3577 | D:4      | HP: 4/93 [orc/+0 short sword (7)]
  3578 | D:4      | Slain by an orc

Illustrated notes

Levels and vault maps discovered:
D:1:      dpeg_arrival_leaves_temple_mockup, layout_basic,
          minmay_misc_feat_rows, minmay_heptomino_w4
D:2:      layout_rooms, uniq_natasha, uniq_jessica
D:3:      layout_basic, dancing_weapons_uskayaw, lemuel_blue_sif_altar,
          uniq_terence
D:4:      layout_cave_pools, serial_shops, shop

Skill      XL: |  1  2  3  4  5  6 |
---------------+-------------------+-----
Maces & Flails | 3 4 5 6 |  6.1
Fighting       | |  4.0
Dodging        | |  2.6

Action                   |  1- 3 |  4- 6 || total
-------------------------+-------+-------++-------
Melee: Mace              |   101 |   129 ||   230
       Spear             |       |    17 ||    17
Invok: Berserk           |       |     3 ||     3
  Use: Scroll            |     4 |     4 ||     8
       Potion            |       |     1 ||     1
Armor: Animal skin       |    48 |    65 ||   113
Dodge: Dodged            |    66 |   103 ||   169

Table legend: (Time is in decaauts)
 A = Elapsed time spent in this place.
 B = Non-inter-level travel time spent in this place.
 C = Inter-level travel time spent in this place.
 D = Time resting spent in this place.
 E = Time spent auto-exploring this place.
 F = Levels seen in this place.
 G = Mean time per level.
                   A        B        C        D        E       F      G
               +--------+--------+--------+--------+--------+-----+--------+
         Total |   3647 |   3594 |     53 |    697 |   2358 |   4 |  911.8 |
       Dungeon |   3647 |   3594 |     53 |    697 |   2358 |   4 |  911.8 |
               +--------+--------+--------+--------+--------+-----+--------+

Top non-repeatable levels by time:
     D:3: 1191 daAuts
     D:2: 1162 daAuts
     D:1: 1067 daAuts
     D:4: 225 daAuts

Table legend:
 A = Kills in this place as a percentage of kills in entire the game.
 B = Kills by you in this place as a percentage of kills by you in the entire game.
 C = Kills by friends in this place as a percentage of kills by friends in the entire game.
 D = Other kills in this place as a percentage of other kills in the entire game.
 E = Experience gained in this place as a percentage of experience gained in the entire game.
 F = Experience gained in this place divided by the number of levels of this place that you have seen.
                   A       B       C       D       E      F
               +-------+-------+-------+-------+-------+----------------------
         Total | 100.0 | 100.0 |   N/A |   N/A | 100.0 |  92.2
       Dungeon | 100.0 | 100.0 |   N/A |   N/A | 100.0 |  92.2
               +-------+-------+-------+-------+-------+----------------------
